 Dungeon Crawl Stone Soup version 0.21.1-1-g345015f (webtiles) character file.

16 Kairos the Shield-Bearer (level 2, 29/29 HPs)
             Began as a Gnoll Fighter on Apr 24, 2018.
             Quit the game on level 1 of the Dungeon.
             The game lasted 00:00:50 (569 turns).

Kairos the Shield-Bearer (Gnoll Fighter)             Turns: 569, Time: 00:00:50

Health: 29/29      AC:  7    Str: 18    XL:     2   Next: 54%
Magic:  2/2        EV: 13    Int: 10    God:
Gold:   52         SH: 11    Dex: 19    Spells: 1/1 levels left

rFire    . . .     SeeInvis .   a - +0 war axe
rCold    . . .     Gourm    .   c - +0 shield
rNeg     . . .     Faith    .   b - +0 scale mail
rPois    .         Spirit   .   (no helmet)
rElec    .         Reflect  .   (no cloak)
rCorr    .         Harm     .   (no gloves)
MR       .....                  (no boots)
Stlth    +.........             (no amulet)
HPRegen  0.09/turn              (no ring)
MPRegen  0.08/turn              (no ring)

@: agile, about to teleport
A: distributed training, fangs 1, strong nose
a: no special abilities


You were on level 1 of the Dungeon.
You were not hungry.

You visited 1 branch of the dungeon, and saw 1 of its levels.

You collected 52 gold pieces.

Inventory:

Hand Weapons
 a - a +0 war axe (weapon)
Armour
 b - a +0 scale mail (worn)
 c - a +0 shield (worn)
Scrolls
 h - a scroll of teleportation
Potions
 d - 2 potions of might
Comestibles
 f - a ration


   Skills:
 + Level 6.5 Fighting
 + Level 0.4 Short Blades
 + Level 0.4 Long Blades
 + Level 4.5 Axes
 + Level 0.4 Maces & Flails
 + Level 0.4 Polearms
 + Level 0.4 Staves
 + Level 0.4 Slings
 + Level 0.4 Bows
 + Level 0.4 Crossbows
 + Level 0.4 Throwing
 + Level 6.5 Armour
 + Level 0.4 Dodging
 + Level 0.4 Stealth
 + Level 6.5 Shields
 + Level 0.4 Unarmed Combat
 + Level 0.4 Spellcasting
 + Level 0.2 Conjurations
 + Level 0.2 Hexes
 + Level 0.2 Charms
 + Level 0.2 Summonings
 + Level 0.2 Necromancy
 + Level 0.2 Translocations
 + Level 0.2 Transmutations
 + Level 0.2 Fire Magic
 + Level 0.2 Ice Magic
 + Level 0.2 Air Magic
 + Level 0.2 Earth Magic
 + Level 0.2 Poison Magic
 + Level 0.5 Invocations
 + Level 0.4 Evocations


You had one spell level left.
You didn't know any spells.

Dungeon Overview and Level Annotations

Branches:
Dungeon (1/15)

Altars:


Innate Abilities, Weirdness & Mutations

Your experience applies equally to all skills.
You have very sharp teeth.
Your uncanny sense of smell can sniff out nearby items.


Message History

No target in view!
No target in view!
No target in view!
It was a potion of heal wounds.
You feel much better.
It was a potion of agility.
You feel agile all of a sudden.
No target in view!
No target in view!
No target in view!
As you read the scroll labeled CESISCH MEVEU, it crumbles to dust.
You feel strangely unstable.
It was a scroll of teleportation.
As you read the scroll labeled NOSIEBIBOU, it crumbles to dust.
The scroll dissolves into smoke.
It was a scroll of fog.
As you read the scroll labeled TOITRU DIGORASH, it crumbles to dust.
You assume a fearsome visage.
Nothing appears to happen.
It was a scroll of fear.
As you read the scroll labeled NESMEE ZUIMOE, it crumbles to dust.
The air around you briefly surges with heat, but it dissipates.
It was a scroll of immolation.
Are you sure you want to abandon this character and quit the game? (Confirm with "yes".)

#.. ..# #.# #....
##.####K# #.###.##.
..(.##.# #.....#..
#.#.##(# #######..
#.#.##.##### #..
#######.§..†.(...# #.#
#.......(§..####.#####.#
#...[§#§§§..####.......#
#....§§@§§.............#
#...(§#§§§.............#
#.....#§§§..#.##.#####.#
####....§........# #.#
########...##.# ###.#
#.####.# #...# .# #.
#.#.# . #.### #.#...#


There were no monsters in sight!

Vanquished Creatures
  A giant cockroach (D:1)
  2 hobgoblins (D:1)
  3 jackals (D:1)
  A bat (D:1)
  A frilled lizard (D:1)
  3 kobolds (D:1)
  4 rats (D:1)
15 creatures vanquished.

Notes
Turn   | Place    | Note
-------+----------+-------------------------------------------
     0 | D:1      | Kairos the Gnoll Fighter began the quest for the Orb.
     0 | D:1      | Reached XP level 1. HP: 23/23 MP: 1/1
   140 | D:1      | Reached XP level 2. HP: 29/29 MP: 2/2
   569 | D:1      | Quit the game

Action                   || total
-------------------------++-------
Melee: War axe           ||    43
       Bite              ||     4
  Use: Scroll            ||     4
       Potion            ||     2
Armor: Scale mail        ||    21
Dodge: Dodged            ||    14
Block: Shield            ||    28
